 Dungeon Crawl Stone Soup version 0.30-a0-137-gd8773701ce (webtiles) character file.

Game seed: 2988807569591473102

58 Bnni the Shooter (level 3, -2/28 HPs)
             Began as a Demonspawn Hunter on Sept 23, 2022.
             Slain by a howler monkey (5 damage)
             ... on level 2 of the Dungeon.
             The game lasted 00:02:10 (1548 turns).

Bnni the Shooter (Demonspawn Hunter)                Turns: 1548, Time: 00:02:11

Health: -2/28      AC:  3    Str: 11    XL:     3   Next: 75%
Magic:  3/3        EV: 12    Int: 10    God:
Gold:   84         SH:  4    Dex: 18    Spells: 2/2 levels left

rFire   . . .      SeeInvis .    a - +0 shortbow
rCold   . . .      Faith    .    (shield currently unavailable)
rNeg    . . .      Spirit   .    c - +0 leather armour
rPois   .          Reflect  .    (helmet restricted)
rElec   .          Harm     .    (no cloak)
rCorr   .          Rampage  .    (no gloves)
Will    .....                    (no boots)
Stlth   ++........               (no amulet)
HPRegen 0.09/turn                (no ring)
MPRegen 0.08/turn                (no ring)

@: no status effects
A: horns 1, condensation shield
a: no special abilities


You were on level 2 of the Dungeon.
You visited 1 branch of the dungeon, and saw 3 of its levels.

You collected 84 gold pieces.

Inventory:

Hand Weapons
 a - a +0 shortbow (weapon)
Armour
 c - a +0 leather armour (worn)
Jewellery
 o - an amulet of guardian spirit
Scrolls
 b - 2 scrolls of immolation
 f - a scroll of torment {unknown}
 h - a scroll of identify {unknown}
 i - 3 scrolls of teleportation {unknown}
 k - a scroll of brand weapon {unknown}
 l - a scroll of vulnerability {unknown}
 m - a scroll of magic mapping {unknown}
 p - a scroll of enchant armour {unknown}
 s - a scroll of blinking {unknown}
Potions
 d - a potion of brilliance {unknown}
 e - 2 potions of mutation {unknown}
 g - a potion of flight {unknown}
 j - a potion of degeneration {unknown}
 n - a potion of invisibility {unknown}
 q - a potion of lignification {unknown}
 r - a potion of attraction {unknown}


   Skills:
 + Level 2.8 Fighting
 * Level 4.6 Ranged Weapons
 - Level 1.7 Dodging
 - Level 0.8 Stealth


You had 2 spell levels left.
You didn't know any spells.
Your spell library contained the following spells:

 Spells                   Type           Power      Damage    Failure   Level
 Ensorcelled Hibernation  Hex/Ice        0%         N/A       58%         2
 Passwall                 Tmut/Erth      0%         N/A       58%         2
 Gell's Gravitas          Tloc           0%         N/A       83%         3
 Swiftness                Air            0%         N/A       83%         3
 Teleport Other           Tloc           0%         N/A       83%         3
 Dispersal                Tloc           0%         N/A       100%        6


Dungeon Overview and Level Annotations

Branches:
Dungeon (3/15)

Altars:


Innate Abilities, Weirdness & Mutations

You have a pair of small horns on your head.
A meltable shield of frost defends you. (SH +4)


Message History

You shoot an arrow.
The arrow closely misses the howler monkey.
The howler monkey closely misses you. The howler monkey hits you.
* * * LOW HITPOINT WARNING * * *
Unknown command.
Fire: a) +0 shortbow
Press: ? - help, Q - select action Shift-Dir - straight line, f/p - howler monkey
Aim: a howler monkey (almost dead, 61% to hit)
You shoot an arrow.
The arrow closely misses the howler monkey.
The howler monkey closely misses you.
Unknown command.
Fire: a) +0 shortbow
Press: ? - help, Q - select action Shift-Dir - straight line, f/p - howler monkey
Aim: a howler monkey (almost dead, 61% to hit)
You shoot an arrow.
The arrow barely misses the howler monkey.
The howler monkey hoots and howls with incredible vigour!
You block the howler monkey's attack.
Fire: a) +0 shortbow
Press: ? - help, Q - select action Shift-Dir - straight line, f/p - howler monkey
Aim: a howler monkey (almost dead, 61% to hit)
You shoot an arrow. The arrow hits the howler monkey.
The howler monkey is almost dead.
The howler monkey hoots and howls with incredible vigour!
The howler monkey barely misses you.
Fire: a) +0 shortbow
Press: ? - help, Q - select action Shift-Dir - straight line, f/p - howler monkey
Aim: a howler monkey (almost dead, catching its breath, 61% to hit)
You shoot an arrow.
The arrow closely misses the howler monkey.
The howler monkey hits you.
* * * LOW HITPOINT WARNING * * *
Fire: a) +0 shortbow
Press: ? - help, Q - select action Shift-Dir - straight line, f/p - howler monkey
Aim: a howler monkey (almost dead, catching its breath, 61% to hit)
You shoot an arrow.
The arrow completely misses the howler monkey.
The howler monkey hits you.
You die...

#.(...........# #.........##
####..........# #..........###
##........## ##...........#
##....).## ##.........#.# #
###########.# ###.........##.###
....## #.####............#.#..
.....## ###......#..............#
......###........##.......##.....
................@.........##..###
.................h.............##
......###.......#........###.....
......########...........##...###
.................................
......####...####................
......###..### ##...##..........
..........## ##...............
........### #####...###.#........


You could see a howler monkey (catching breath).

Vanquished Creatures
  An adder (D:2)
  3 ball pythons (D:1)
  3 endoplasms
  A giant cockroach (D:1)
  5 goblins (D:1)
  4 hobgoblins
  8 jackals
  4 kobolds (D:1)
  5 bats
  4 frilled lizards
  7 rats (D:1)
45 creatures vanquished.

Notes
Turn   | Place    | Note
-------+----------+-------------------------------------------
     0 | D:1      | Bnni the Demonspawn Hunter began the quest for the Orb.
     0 | D:1      | Reached XP level 1. HP: 16/16 MP: 1/1
   286 | D:1      | Gained mutation: A meltable shield of frost defends you.
                  | (SH +4) [demonic ancestry]
   286 | D:1      | Reached XP level 2. HP: 22/22 MP: 2/2
   289 | D:1      | Reached skill level 4 in Ranged Weapons
   525 | D:1      | Gained mutation: You have a pair of small horns on your
                  | head. [demonic ancestry]
   525 | D:1      | Reached XP level 3. HP: 28/28 MP: 3/3
  1196 | D:2      | Noticed a great orb of eyes
  1201 | D:2      | Noticed a great orb of eyes
  1202 | D:2      | Found a faded altar of an unknown god.
  1217 | D:2      | Noticed a great orb of eyes
  1217 | D:2      | Noticed a golden eye
  1548 | D:2      | Slain by a howler monkey

Illustrated notes

Levels and vault maps discovered:
D:1:      elethiomel_arrival_diamonds, layout_basic
D:2:      layout_rooms, hellmonk_ecumenical_altar_watching_god,
          minmay_hedge_maze
D:3:      layout_rooms

Skill      XL: |  1  2 |
---------------+-------+-----
Ranged Weapons | 4 |  4.6
Fighting       | |  2.8
Dodging        | |  1.7
Stealth        | |  0.8

Action                   || total
-------------------------++-------
 Fire: Shortbow          ||   124
Armor: Leather armour    ||    13
Dodge: Dodged            ||    31
Block: Other             ||    13

Table legend: (Time is in decaauts)
 A = Elapsed time spent in this place.
 B = Non-inter-level travel time spent in this place.
 C = Inter-level travel time spent in this place.
 D = Time resting spent in this place.
 E = Time spent auto-exploring this place.
 F = Levels seen in this place.
 G = Mean time per level.
                   A        B        C        D        E       F      G
               +--------+--------+--------+--------+--------+-----+--------+
         Total |   1590 |   1550 |     40 |      0 |   1286 |   3 |  530.0 |
       Dungeon |   1590 |   1550 |     40 |      0 |   1286 |   3 |  530.0 |
               +--------+--------+--------+--------+--------+-----+--------+

Top non-repeatable levels by time:
     D:1: 1124 daAuts
     D:2: 446 daAuts
     D:3: 19 daAuts
